 Dungeon Crawl Stone Soup version 0.29-a0-872-g797fff5ad1 (webtiles) character file.

Game seed: 15463870122879092693

354 xian the Covered (level 6, -5/41 (48) HPs)
             Began as a Demonspawn Fighter on July 18, 2022.
             Slain by a wight
             ... wielding a +4 hand axe
              (6 damage)
             ... on level 4 of the Dungeon.
             The game lasted 00:08:09 (3149 turns).

xian the Covered (Demonspawn Fighter)               Turns: 3149, Time: 00:08:10

HP:   -5/41 (48)    AC: 13    Str: 18    XL:     6   Next: 35%
MP:   6/6           EV:  7    Int:  9    God:
Gold: 153           SH:  5    Dex: 13    Spells: 5/5 levels left

rFire   . . .      SeeInvis +   b - +0 dagger (drain)
rCold   + . .      Faith    .   a - +0 buckler
rNeg    . . .      Spirit   .   j - +0 chain mail
rPois   .          Reflect  .   (no helmet)
rElec   .          Harm     .   (no cloak)
rCorr   .          Rampage  .   (no gloves)
Will    .....                   h - +0 pair of boots
Stlth   ..........              (no amulet)
HPRegen 0.13/turn               k - ring of see invisible
MPRegen 0.10/turn               n - ring of protection from cold

@: heavily drained
A: yellow scales 2
a: no special abilities


You were on level 4 of the Dungeon.
You visited 1 branch of the dungeon, and saw 4 of its levels.

You collected 153 gold pieces.

Inventory:

Hand Weapons
 b - a +0 dagger of draining (weapon)
Armour
 a - a +0 buckler (worn)
 h - a +0 pair of boots (worn)
 j - a +0 chain mail (worn)
Jewellery
 k - a ring of see invisible (left hand)
 n - a ring of protection from cold (right hand)
Scrolls
 e - a scroll of vulnerability
 g - a scroll of summoning
 o - a scroll of teleportation {unknown}
Potions
 c - a potion of invisibility {unknown}
 f - a potion of flight {unknown}
 i - 4 potions of heal wounds
 l - a potion of cancellation {unknown}
 m - a potion of brilliance {unknown}


   Skills:
 + Level 4.0 Fighting
 + Level 2.0(2.7) Short Blades
 + Level 2.8(3.1) Long Blades
 + Level 4.2 Armour
 + Level 1.0 Dodging
 + Level 0.1 Stealth
 + Level 3.5 Shields


You had 5 spell levels left.
You didn't know any spells.
Your spell library contained the following spells:

 Spells                   Type           Power      Damage    Failure   Level
 Blink                    Tloc           0%         N/A       100%        2
 Lesser Beckoning         Tloc           0%         N/A       100%        3
 Manifold Assault         Tloc           0%         N/A       100%        5
 Malign Gateway           Summ/Tloc      0%         N/A       100%        7
 Summon Horrible Things   Summ           0%         N/A       100%        8


Dungeon Overview and Level Annotations

Branches:
Dungeon (4/15)
 Temple: D:4-7

Altars:
Ru

Shops:
D:1 :   D:2 [

Annotations:
D:2 Unique leather


Innate Abilities, Weirdness & Mutations

You are mostly covered in yellow scales. (AC +3)


Message History

A wight comes into view. It is wielding a +4 mace.
The wight hits you with a +4 hand axe.
* * * LOW HITPOINT WARNING * * *
You feel drained.
* * * LOW HITPOINT WARNING * * *
You closely miss the wight. The wight hits you with a +4 hand axe!
* * * LOW HITPOINT WARNING * * *
You hit the wight but do no damage. The wight hits you but does no damage.
You completely miss the wight. The wight hits you but does no damage.
You hit the wight but do no damage.
It was a potion of heal wounds.
You feel much better. The wight hits you with a +4 hand axe.
You hit the wight but do no damage. You block the wight's attack.
You hit the wight but do no damage. You block the wight's attack.
You hit the wight but do no damage.
An orc comes into view. It is wielding a +0 short sword.
The wight hits you with a +4 hand axe.
You feel drained.
You barely miss the wight.
The orc shouts!
You hear a shout!
You block the wight's attack.
You closely miss the wight. The wight barely misses you.
You hit the wight.
The wight is lightly damaged.
The wight hits you but does no damage.
You hit the wight but do no damage. The wight hits you but does no damage.
You hit the wight.
The wight is moderately damaged.
The wight hits you with a +4 hand axe!
* * * LOW HITPOINT WARNING * * *
You feel drained.
* * * LOW HITPOINT WARNING * * *
You hit the wight but do no damage.
The wight is moderately damaged.
You hit the wight.
The wight is heavily damaged.
The wight hits you but does no damage.
You hit the wight.
The wight is heavily damaged.
The wight hits you with a +4 hand axe.
You die...

...).# ## #.z#....
#(>#.#. ## ..(.. #..
#.#.# .... #.#(#
..... #<.#
......#.†########
....o...†oooz@$.#
..........zz##...#
............# .......
o..............$.....
.....................
....########.......[.
#### #.$......
#...#... ##


You could see 3 wights, an orc wizard (invisible) and 2 orcs.

Vanquished Creatures
  Pargi (D:3)
  A scorpion (D:4)
  A howler monkey (D:4)
  Terence (D:3)
  An orc wizard (D:3)
  A gnoll (D:1)
  3 adders
  2 worms (D:2)
  A dart slug (D:3)
  8 orcs
  2 bats
  7 endoplasms
  3 goblins (D:2)
  8 hobgoblins
  2 jackals (D:1)
  3 quokkas
  6 ball pythons
  4 frilled lizards
  4 kobolds
  4 rats
63 creatures vanquished.

Vanquished Creatures (others)
  4 toadstools (D:1)
4 creatures vanquished.

Grand Total: 67 creatures vanquished

Notes
Turn   | Place    | Note
-------+----------+-------------------------------------------
     0 | D:1      | xian the Demonspawn Fighter began the quest for the Orb.
     0 | D:1      | Reached XP level 1. HP: 18/18 MP: 1/1
   128 | D:1      | Found a faded altar of an unknown god.
   215 | D:1      | Found Xerreir's Book Shoppe.
   235 | D:1      | Gained mutation: You are partially covered in yellow
                  | scales. (AC +2) [demonic ancestry]
   235 | D:1      | Reached XP level 2. HP: 21/24 MP: 2/2
   848 | D:2      | Upgraded the game from 0.29-a0-870-g2c972031a6 to
                  | 0.29-a0-872-g797fff5ad1
   882 | D:2      | Gained mutation: You are mostly covered in yellow scales.
                  | (AC +3) [demonic ancestry]
   882 | D:2      | Reached XP level 3. HP: 26/29 MP: 3/3
  1166 | D:2      | Found Qaliozothri's Armour Shop.
  1496 | D:2      | Found a sacrificial altar of Ru.
  1888 | D:3      | Reached XP level 4. HP: 30/30 MP: 4/4
  2297 | D:3      | Noticed Terence
  2332 | D:3      | Killed Terence
  2533 | D:3      | Reached XP level 5. HP: 42/42 MP: 5/5
  2542 | D:3      | Noticed Pargi
  2584 | D:3      | Killed Pargi
  2585 | D:3      | Reached skill level 1 in Short Blades
  3071 | D:4      | Reached XP level 6. HP: 35/48 MP: 6/6
  3098 | D:4      | Reached skill level 1 in Dodging
  3146 | D:4      | HP: 1/41 [wight/+4 hand axe (5)]
  3149 | D:4      | Slain by a wight

Illustrated notes

Levels and vault maps discovered:
D:1:      ldierk_walled_garden_2, layout_loops_ring,
          chequers_ecumenical_altar_simple_redux, serial_shops,
          nicolae_shop_trees
D:2:      layout_basic, basic_altar, serial_shops, shop
D:3:      layout_loops_cross, dreamdust_mushroom_princess,
          minmay_misc_feat_square, uniq_pargi, uniq_terence
D:4:      layout_rooms, kennysheep_generic_room_12

Skill      XL: |  1  2  3  4  5  6 |
---------------+-------------------+-----
Shields        | 3 |  3.5
Armour         | 3 4 |  4.2
Long Blades    | 2 |  2.8
Short Blades   | 1 2 |  2.0
Fighting       | 4 |  4.0
Dodging        | 1 |  1.0
Stealth        | |  0.1

Action                   |  1- 3 |  4- 6 || total
-------------------------+-------+-------++-------
Melee: Long sword        |   113 |       ||   113
       Dagger            |    36 |   196 ||   232
  Use: Scroll            |     2 |     2 ||     4
       Potion            |       |     2 ||     2
Armor: Scale mail        |    26 |       ||    26
       Chain mail        |    90 |   167 ||   257
Dodge: Dodged            |    65 |    71 ||   136
Block: Buckler           |    34 |    55 ||    89

Table legend: (Time is in decaauts)
 A = Elapsed time spent in this place.
 B = Non-inter-level travel time spent in this place.
 C = Inter-level travel time spent in this place.
 D = Time resting spent in this place.
 E = Time spent auto-exploring this place.
 F = Levels seen in this place.
 G = Mean time per level.
                   A        B        C        D        E       F      G
               +--------+--------+--------+--------+--------+-----+--------+
         Total |   3170 |   3112 |     58 |      0 |   2237 |   4 |  792.5 |
       Dungeon |   3170 |   3112 |     58 |      0 |   2237 |   4 |  792.5 |
               +--------+--------+--------+--------+--------+-----+--------+

Top non-repeatable levels by time:
     D:3: 1308 daAuts
     D:2: 921 daAuts
     D:1: 851 daAuts
     D:4: 89 daAuts
